Map: 레릴락 마루

Players

두부한모

  • Race: Zerg Zerg
  • League: Diamond

가을방학 - Winner!

  • Race: Terran Terran
  • League: Diamond

VOD

Have the link to the VOD?

Description

Time

  • Played on: Nov. 23, 2015, 2:45 a.m.
  • Length: 14:34
Show
View Real Time Build Order
Export as new Build Order

두부한모 Zerg 

Build Orders: Hatch First 

Get SALT Encoding   

  12  0:01  Drone  
  13  0:12  Overlord  
  13  0:19  Drone  
  14  0:31  Drone  
  15  0:47  Hatchery  
  14  0:52  Drone  
  14  0:53  Drone  
  16  1:09  Spawning Pool  
  15  1:14  Extractor  
  15  1:16  Drone  
  15  1:20  Drone  
  16  1:26  Drone  
  17  1:44  Drone  
  18  1:56  Queen  
  18  1:57  Zergling x4  
  18  2:01  Queen  
  24  2:02  Drone  
  25  2:12  Overlord  
  25  2:18  Metabolic Boost  
  25  2:29  Drone x3  
  28  2:36  Queen  
  30  2:47  Drone  
  30  2:48  Overlord  
  31  3:12  Drone  
  32  3:13  Drone x7  
  32  3:19  Roach Warren  
  38  3:20  Extractor  
  37  3:48  Drone x2  
  39  3:55  Hatchery  
  37  3:56  Overlord  
  37  3:57  Overlord  
  37  3:58  Drone x3  
  37  3:59  Roach  
  42  4:14  Overlord x2, Extractor  
  41  4:20  Roach x5  
  51  4:32  Lair  
  51  4:37  Drone x6  
  57  4:48  Overlord  
  57  4:58  Drone x2  
  57  4:59  Drone  
  60  5:07  Spore Crawler  
  60  5:09  Spore Crawler  
  60  5:12  Drone x2  
  60  5:14  Drone x2  
  61  5:15  Burrow  
  61  5:18  Extractor, Queen  
  63  5:29  Roach  
  63  5:30  Roach x4  
  73  5:45  Roach x6  
  73  5:48  Overlord  
  85  5:54  Drone x2  
  79  6:14  Drone  
  79  6:15  Drone x2  
  80  6:21  Drone x9  
  86  6:31  Queen  
  86  6:32  Drone  
  87  6:33  Drone x2  
  89  6:42  Drone x3  
  89  6:43  Spire  
  91  7:02  Spore Crawler  
  91  7:04  Drone  
  91  7:05  Drone  
  91  7:06  Queen  
  94  7:09  Hatchery  
  94  7:13  Drone x4  
  97  7:21  Evolution Chamber  
  97  7:22  Evolution Chamber  
  95  7:24  Drone  
  95  7:25  Drone x2  
  95  7:26  Overlord x3  
  98  7:42  Overlord x2  
  98  7:43  Overlord  
  98  7:44  Overlord  
  98  7:51  Extractor  
  97  7:53  Extractor  
  97  7:55  Mutalisk x6  
  97  7:56  Mutalisk  
  109  8:05  Mutalisk x2  
  109  8:06  Mutalisk  
  109  8:11  Overseer x2  
  115  8:13  Pneumatized Carapace  
  115  8:17  Mutalisk x2  
  119  8:30  Drone x5  
  119  8:31  Drone x7  
  131  8:45  Zerg Missile Weapons Level 1, Zerg Ground Armor Level 1  
  125  9:04  Ravager  
  125  9:05  Ravager x2  
  128  9:14  Hatchery  
  128  9:15  Drone  
  128  9:16  Zergling x2  
  129  9:17  Zergling x34  
  146  9:31  Zergling x16  
  143  9:32  Zergling x2  
  143  9:35  Ravager x6  
  143  9:36  Overlord  
  157  9:39  Overlord x2  
  157  9:40  Overlord  
  119  10:20  Zergling x18  
  119  10:21  Zergling x18  
  98  10:45  Zergling x2  
  98  10:46  Zergling x20  
  97  11:01  Zergling x18  
  102  11:10  Mutalisk x4  
  102  11:11  Mutalisk x3, Baneling Nest  
  109  11:18  Mutalisk x4  
  103  11:19  Mutalisk x2  
  103  11:22  Queen  
  103  11:23  Zergling x4  
  103  11:24  Zergling x4  
  121  11:33  Zergling x8  
  123  11:43  Zergling x8  
  113  11:54  Zergling x4  
  113  11:55  Zergling x4  
  116  12:17  Hatchery  
  116  12:18  Mutalisk x10  
  135  12:27  Centrifical Hooks  
  125  12:49  Zergling x2  
  125  12:50  Zergling x34  
  137  12:57  Zergling x2  
  137  12:58  Zergling x6  
  139  13:05  Baneling x3  
  139  13:06  Baneling x13  
  139  13:07  Zergling x8  
  139  13:10  Baneling x10  
  139  13:11  Baneling x4  
  124  13:24  Zergling x2  
  124  13:25  Zergling x14  
  120  13:32  Zergling x4  
  115  13:38  Zergling x2  
  114  13:41  Zergling x6  
  103  13:51  Mutalisk  
  103  13:52  Mutalisk x3  
  99  14:08  Zergling x2  
Show
View Real Time Build Order
Export as new Build Order

가을방학 Terran - Winner!

Build Orders: Command Center First (CC), Hellion Banshee, MMM Bio 

Get SALT Encoding   

  12  0:00  SCV  
  13  0:12  SCV  
  14  0:17  Supply Depot  
  14  0:24  SCV  
  15  0:38  SCV  
  16  0:50  SCV  
  17  1:03  Command Center  
  17  1:13  SCV, Barracks  
  18  1:20  Refinery  
  18  1:25  SCV  
  19  1:30  Refinery  
  19  1:37  SCV  
  20  1:49  SCV  
  21  2:00  Marine  
  21  2:01  SCV  
  23  2:04  Bunker  
  23  2:17  Orbital Command  
  23  2:18  Orbital Command  
  23  2:20  Barracks Reactor  
  23  2:35  Factory  
  24  2:44  SCV x2  
  25  2:56  SCV x2  
  25  2:57  Supply Depot  
  26  3:08  SCV x2  
  28  3:13  Barracks Tech Lab  
  28  3:20  SCV x2, Starport  
  28  3:25  Hellion x2  
  34  3:32  SCV x2  
  36  3:44  SCV x2  
  36  3:46  Hellion x2  
  42  3:54  Barracks Tech Lab  
  42  3:56  SCV  
  42  3:57  SCV  
  44  4:03  Supply Depot, Cloaking Field  
  44  4:04  Supply Depot  
  44  4:09  Hellion  
  46  4:17  Bunker  
  46  4:23  Stimpack  
  46  4:25  SCV x2, Banshee, Marauder  
  46  4:29  Supply Depot  
  55  4:31  Supply Depot  
  55  4:33  Hellion x2  
  55  4:37  SCV x2  
  59  4:43  Refinery x2  
  59  4:46  Armory  
  59  4:49  SCV x2  
  59  4:51  Marauder  
  63  4:57  Hellion  
  63  4:58  Hellion  
  67  5:07  SCV x2  
  67  5:08  Banshee  
  72  5:16  Marauder  
  72  5:19  Hellion x2  
  78  5:35  Factory  
  78  5:38  Barracks  
  78  6:01  SCV  
  78  6:03  Marauder  
  77  6:04  Banshee  
  77  6:10  Hellion  
  77  6:11  Hellion  
  66  6:28  Marauder  
  66  6:31  Hellion  
  66  6:32  Hellion  
  72  6:33  Factory Tech Lab  
  72  6:35  Combat Shields  
  72  6:43  Engineering Bay  
  72  6:44  SCV, Engineering Bay  
  73  6:47  Banshee  
  73  6:49  Supply Depot, Marauder  
  73  6:50  Supply Depot  
  73  6:51  Supply Depot  
  78  6:54  Command Center  
  78  7:04  Barracks Reactor  
  78  7:08  Barracks  
  78  7:09  Supply Depot, Drilling Claws  
  78  7:11  SCV x2, Thor, Marauder  
  78  7:12  Barracks  
  88  7:23  SCV  
  89  7:32  Marauder  
  89  7:34  Factory  
  91  7:39  SCV  
  91  7:40  SCV, Barracks  
  91  7:42  Marine x2  
  95  7:45  Starport Reactor  
  95  7:49  Widow Mine x2  
  99  7:52  SCV x2  
  99  7:54  Thor, Supply Depot, Marauder  
  99  7:55  Supply Depot  
  99  7:56  Supply Depot  
  109  7:59  Supply Depot, Marine  
  110  8:06  Missile Turret x2, Marine  
  110  8:12  Missile Turret  
  111  8:15  Missile Turret  
  111  8:19  Missile Turret x3  
  111  8:21  Orbital Command  
  111  8:27  SCV x2  
  113  8:39  Thor, SCV  
  113  8:40  SCV  
  121  8:42  Medivac x2  
  121  8:43  Barracks Reactor, Barracks Tech Lab  
  121  8:44  Barracks Reactor  
  121  8:47  Marine x3  
  123  9:05  Marine x4  
  127  9:11  SCV, Refinery  
  127  9:12  Medivac x2  
  127  9:13  SCV x2, Refinery  
  134  9:23  SCV, Marine x4  
  139  9:25  SCV x2  
  139  9:26  Marine x4  
  139  9:30  Thor  
  149  9:31  Widow Mine  
  149  9:32  Widow Mine  
  153  9:41  Marine x4  
  157  9:55  Command Center  
  157  10:03  Marine x2  
  157  10:04  Marine x2  
  157  10:06  Medivac  
  157  10:07  Medivac, Marine x3  
  157  10:09  Marine  
  106  10:21  Marine  
  106  10:22  Marine x2, Marauder  
  106  10:25  Marine x3  
  106  10:26  Marine  
  114  10:36  Medivac  
  114  10:37  Medivac  
  114  10:39  Marine  
  114  10:40  Marine x2  
  118  10:42  Marine x2  
  118  10:43  Marauder x2  
  118  10:44  Marine  
  113  10:57  Barracks, Marine  
  113  10:58  Barracks, Marine x2  
  113  10:59  Concussive Shells  
  113  11:00  Marine  
  117  11:04  Marauder x2  
  117  11:07  Marine x2  
  117  11:10  Terran Infantry Weapons Level 1, Terran Infantry Armor Level 1, Terran Vehicle Weapons Level 1  
  117  11:12  Orbital Command  
  117  11:15  Marine  
  117  11:16  Marine x2  
  117  11:18  Marine  
  116  11:24  Marine  
  116  11:25  Marine  
  119  11:26  Marauder x2  
  119  11:32  Marine  
  123  11:33  Marine x2  
  123  11:36  Marine  
  121  11:42  Marine  
  121  11:43  Marine  
  109  11:47  Marauder x2  
  109  11:48  Thor x2  
  109  11:50  Marine  
  109  11:51  Marine x2  
  109  11:54  Medivac x2, Marine  
  117  12:00  Marine x2  
  118  12:04  Barracks Reactor  
  118  12:07  Barracks Reactor  
  118  12:08  Marine  
  112  12:09  Marine x2, Marauder x2  
  112  12:10  SCV x3  
  112  12:12  Marine  
  123  12:18  Refinery x2, Marine x2  
  125  12:24  Medivac x2  
  125  12:26  Marine  
  130  12:30  Marauder  
  130  12:31  Thor  
  121  12:53  SCV x2  
  121  12:54  Medivac x2  
  121  12:56  Marine x7  
  121  12:57  Marine x2  
  131  13:09  Marine x2  
  131  13:10  Marauder  
  124  13:24  Medivac x2  
  123  13:34  Marine x8  
  118  13:35  Marine  
  118  13:36  Marine x3  
  127  13:52  Marine x8  
  127  13:54  Marauder, Medivac x2  
  125  14:16  Marine  
Tags
 
Add a new tag
Caveats
  • Supply blocks, unpowered buildings, or Contaminate may cause inaccurate times.
  • Supply counts are checked every 10 seconds.